 Dungeon Crawl Stone Soup version 0.24.0-37-gcf1ca852f1 (webtiles) character file.

Game seed: 17340662872696430957, levelgen mode: deterministic

95 sankara the Chopper (level 4, 0/39 HPs)
             Began as a Hill Orc Fighter on Dec 4, 2019.
             Slain by an orc priest
             ... wielding a +0 hand axe
              (6 damage)
             ... on level 3 of the Dungeon.
             The game lasted 00:03:50 (2048 turns).

sankara the Chopper (Hill Orc Fighter)              Turns: 2048, Time: 00:03:51

Health: 0/39       AC: 10    Str: 19    XL:     4   Next: 65%
Magic:  4/4        EV:  9    Int:  8    God:
Gold:   74         SH:  4    Dex: 10    Spells: 3/3 levels left

rFire    . . .     SeeInvis .   a - +0 war axe
rCold    + . .     Gourm    .   p - +0 buckler
rNeg     . . .     Faith    .   b - +0 scale mail
rPois    .         Spirit   .   y - +0 helmet
rElec    .         Reflect  .   (no cloak)
rCorr    .         Harm     .   g - +1 pair of gloves
MR       .....                  (no boots)
Stlth    ..........             (no amulet)
HPRegen  0.13/turn              k - ring of protection from cold
MPRegen  0.09/turn              (no ring)

@: lethally poisoned (0 -> -2)
A: no striking features
a: Convert to Beogh


You were on level 3 of the Dungeon.
You were not hungry.

You visited 1 branch of the dungeon, and saw 3 of its levels.

You collected 74 gold pieces.

Inventory:

Hand Weapons
 a - a +0 war axe (weapon)
 r - a +0 hunting sling
Missiles
 e - 6 poisoned darts (quivered)
 n - 62 stones
Armour
 b - a +0 scale mail (worn)
 c - a +0 shield
 g - a +1 pair of gloves (worn)
 p - a +0 buckler (worn)
 y - a +0 helmet (worn)
Jewellery
 k - a ring of protection from cold (left hand)
 x - an uncursed ring of attention
Scrolls
 i - a scroll of identify
 l - a scroll of enchant armour
 t - a scroll of teleportation {unknown}
 w - a scroll of blinking {unknown}
Potions
 d - 2 potions of might
 h - 5 potions of curing
 j - a potion of brilliance {unknown}
 m - a potion of mutation {unknown}
 o - 4 potions of heal wounds
 q - a potion of lignification {unknown}
 u - a potion of flight {unknown}
 v - a potion of berserk rage {unknown}
Comestibles
 f - a ration
 s - 3 chunks of flesh


   Skills:
 - Level 3.6 Fighting
 + Level 5.5 Axes
 - Level 3.2 Armour
 - Level 4.0 Shields


You had 3 spell levels left.
You didn't know any spells.
Your spell library was empty.

Dungeon Overview and Level Annotations

Branches:
Dungeon (3/15)

Altars:
Vehumet


Message History

You kill the orc!
You block the adder's attack. The adder bites you but does no damage.
You hit the orc priest.
The orc priest is moderately wounded.
You closely miss the adder.
You feel sick. The adder bites you.
The orc priest invokes the aid of Beogh against you.
Beogh smites you!
* * * LOW HITPOINT WARNING * * *
You closely miss the orc priest.
The orc priest is moderately wounded.
You closely miss the adder. You block the adder's attack.
You block the orc priest's attack. The adder bites you but does no damage.
The orc priest threatens, "By the altar or by the axe, you will meet Beogh!"
Unknown command.
The orc priest shouts, "Surrender to Beogh and we'll let you live!"
You hit the orc priest.
The orc priest is heavily wounded.
You barely miss the adder. The adder barely misses you.
The orc priest hits you with a +0 hand axe.
You die...

######### .# #. #........
...#. #####........ #.#.####
###........)... #......#
#...###........
#......####.#####........
#......S@oo..............
#......####.#############
#......####÷#............
#......#...o..########### .
#......#......# ..
##.....#...o..######.# ...
#...#.#####o#........# ....
#...#.#<.÷..##########
#....####...#.#..........$...
#


You could see an orc priest, an orc wizard and an adder.

Vanquished Creatures
  Terence (D:2)
  2 adders
  3 worms (D:2)
  A leopard gecko (D:1)
  3 orcs
  A ball python (D:1)
  3 bats
  6 goblins
  3 hobgoblins
  3 jackals (D:1)
  4 frilled lizards
  4 kobolds
  11 rats
45 creatures vanquished.

Notes
Turn   | Place    | Note
-------+----------+-------------------------------------------
     0 | D:1      | sankara the Hill Orc Fighter began the quest for the Orb.
     0 | D:1      | Reached XP level 1. HP: 19/19 MP: 1/1
    17 | D:1      | Reached skill level 3 in Axes
   288 | D:1      | Reached XP level 2. HP: 15/26 MP: 2/2
   437 | D:1      | Reached skill level 4 in Axes
  1163 | D:2      | Found a radiant altar of Vehumet.
  1272 | D:2      | Reached XP level 3. HP: 28/31 MP: 3/3
  1466 | D:2      | Noticed Terence
  1493 | D:2      | Killed Terence
  1493 | D:2      | Reached skill level 5 in Axes
  1493 | D:2      | Reached XP level 4. HP: 34/39 MP: 4/4
  2048 | D:3      | Slain by an orc priest

Levels and vault maps discovered:
D:1:      sevenhm_arrival_forest_fort_large_4, layout_basic
D:2:      layout_rooms, marbit_many_paths, uniq_terence
D:3:      layout_basic, uniq_sigmund

Skill      XL: |  1  2  3 |
---------------+----------+-----
Axes           | 3 4 5 |  5.5
Shields        | 4 |  4.0
Fighting       | |  3.6
Armour         | |  3.2

Action                   |  1- 3 |  4- 6 || total
-------------------------+-------+-------++-------
Melee: War axe           |   101 |    43 ||   144
  Use: Scroll            |       |     3 ||     3
  Eat: Chunk             |     2 |     2 ||     4
Armor: Scale mail        |    34 |    16 ||    50
Dodge: Dodged            |    25 |    22 ||    47
Block: Shield            |    19 |       ||    19
       Buckler           |    16 |    12 ||    28
